 Dungeon Crawl Stone Soup version 0.31.0-12-g77e489cdc1 (webtiles) character file.

Game seed: 7149687980015947566

29 PedoSlayer the Twirler (level 3, -1/26 (30) HPs)
             Began as a Hill Orc Gladiator on Feb 15, 2024.
             Was an Initiate of Beogh.
             Slain by an orc priest
             ... wielding a +1 war axe of draining
              (2 damage)
             ... on level 3 of the Dungeon.
             The game lasted 00:01:45 (414 turns).

PedoSlayer the Twirler (Hill Orc Gladiator)          Turns: 414, Time: 00:01:52

HP:   -1/26 (30)    AC:  4    Str: 16    XL:     3   Next: 16%
MP:   3/3           EV: 12    Int: 10    God:    Beogh [......]
Gold: 46            SH:  0    Dex: 12    Spells: 2/2 levels left

rFire   . . .        a - +0 quarterstaff
rCold   . . .        (shield currently unavailable)
rNeg    . . .        b - +0 leather armour
rPois   .            c - +0 helmet
rElec   .            (no cloak)
rCorr   .            (no gloves)
SInv    .            (no boots)
Will    .....        (no amulet)
Stlth   +            (no ring)
HPRegen 0.24/turn    (no ring)
MPRegen 0.08/turn

%: no passive effects
@: heavily drained
A: no striking features
a: Renounce Religion


You were on level 3 of the Dungeon.
You worshipped Beogh.
Beogh was noncommittal.
You visited 1 branch of the dungeon, and saw 3 of its levels.

You collected 46 gold pieces.

Inventory:

Hand Weapons
 a - a +0 quarterstaff (weapon)
Armour
 b - a +0 leather armour (worn)
 c - a +0 helmet (worn)


   Skills:
 * Level 2.7 Fighting
 * Level 0.3(2.3) Polearms
 * Level 3.1 Staves
 * Level 2.0 Throwing
 * Level 0.5 Armour
 * Level 2.6 Dodging
 * Level 0.3 Stealth


You had 2 spell levels left.
You didn't know any spells.
Your spell library was empty.

Dungeon Overview and Level Annotations

Branches:
Dungeon (3/15)

Altars:


Message History

The orc priest hits the orc priest but does no damage.
The orc priest drains the orc priest.
The orc priest dies!
The orc priest shouts!
The orc priest calls down the wrath of Beogh upon you.
You barely resist.
Throw: javelin
Press: ? - help, Q - select action, (/) - cycle Shift-Dir - straight line, f - orc priest
Aim: an orc priest, wielding a +1 war axe of draining (severely wounded, 56% to hit)
You throw a javelin.
The javelin barely misses the orc priest.
Throw: 3 throwing nets
Press: ? - help, Q - select action Shift-Dir - straight line, f/p - orc priest
Aim: an orc priest, wielding a +1 war axe of draining (severely wounded, 56% to hit)
You throw a throwing net.
The throwing net closely misses the orc priest.
Throw: 2 throwing nets
Press: ? - help, Q - select action Shift-Dir - straight line, f/p - orc priest
Aim: an orc priest, wielding a +1 war axe of draining (severely wounded, 56% to hit)
You throw a throwing net.
The throwing net barely misses the orc priest.
Throw: throwing net
Press: ? - help, Q - select action Shift-Dir - straight line, f/p - orc priest
Aim: an orc priest, wielding a +1 war axe of draining (severely wounded, 56% to hit)
You throw a throwing net.
The throwing net closely misses the orc priest.
The orc priest hits you with a +1 war axe of draining.
You feel drained.
Unknown command.
You aren't carrying any potions.
Unknown command.
You aren't carrying any scrolls.
Unknown command.
You barely miss the orc priest.
The orc priest is severely wounded.
The orc priest hits you with a +1 war axe of draining!
* * * LOW HITPOINT WARNING * * *
You feel drained.
You die...
Beogh appreciates the orc priest's killing of a heretic priest.

#######
#.....########
#.###.#......#
#.#
#.#.####.####
#.#
#.#.........##
#.#
#.###.....#.#.
#@#
#...........#.
#o#
#####.#.......
#.# #.......#.
#)# ###..##.#.
#.....#
.....##.#.
#.###.#
####>#.....
... #.#.###.
.(. #.#.#...
#.... #...#.#.


You could see an orc priest.

Vanquished Creatures
  3 dart slugs (D:1)
  An orc (D:3)
  An endoplasm (D:3)
  3 giant cockroaches (D:1)
  2 goblins (D:1)
  4 kobolds (D:1)
  3 ball pythons (D:1)
  2 bats (D:1)
  2 frilled lizards (D:1)
  A rat (D:3)
22 creatures vanquished.

Vanquished Creatures (others)
  An orc priest (D:3)
  An orc (D:3)
2 creatures vanquished.

Grand Total: 24 creatures vanquished

Notes
Turn   | Place    | Note
-------+----------+-------------------------------------------
     0 | D:1      | PedoSlayer the Hill Orc Gladiator began the quest for the
                  | Orb.
     0 | D:1      | Reached XP level 1. HP: 18/18 MP: 1/1
    57 | D:1      | Reached XP level 2. HP: 19/25 MP: 2/2
   119 | D:1      | Reached skill level 3 in Staves
   215 | D:1      | Reached XP level 3. HP: 18/30 MP: 3/3
   292 | D:1      | You fall into a shaft and drop 1 floor!
   387 | D:3      | Became a worshipper of Beogh the Brigand
   414 | D:3      | HP: 1/27 [orc priest/+1 war axe of draining (10)]
   414 | D:3      | Slain by an orc priest

Illustrated notes

Levels and vault maps discovered:
D:1:      elethiomel_arrival_shortcut, layout_loops_cross,
          shapermc_ecumenical_altar_ellora, serial_bayou_pond_b,
          serial_bayou_crossing
D:2:      layout_basic, serial_forest, infiniplex_forest_pool,
          infiniplex_forest_diagonal, infiniplex_forest_clump_double,
          infiniplex_forest_lined_room_2, infiniplex_forest_clump_medium,
          infiniplex_forest_clump_long, infiniplex_forest_clump_curved,
          uniq_sigmund
D:3:      layout_basic, st_stairs_8, grunt_decor_fettered

Skill      XL: |  1  2  3 |
---------------+----------+-----
Staves         | 3 |  3.1
Throwing       | 2 |  2.0
Fighting       | |  2.7
Polearms       | |  0.3
Armour         | |  0.5
Dodging        | |  2.6
Stealth        | |  0.3

Action                     || total
---------------------------++-------
  Melee: Quarterstaff      ||    64
  Throw: Throwing net      ||     3
         Javelin           ||     1
 Invoke: Convert to Beogh  ||     1
 Armour: Leather armour    ||    43
  Dodge: Dodged            ||    52
